[Event "ICC tourney 2354 (60 10)"]
[Site "Internet Chess Club"]
[Date "2021.01.31"]
[Round "5"]
[White "VickyV2011"]
[Black "alexandersoll"]
[Result "1-0"]
[ICCResult "Black checkmated"]
[WhiteElo "1056"]
[BlackElo "798"]
[Opening "King's Indian: Torre attack"]
[ECO "A48"]
[NIC "QP.01"]
[Time "13:00:33"]
[PlyCount "147"]
[TimeControl "3600+10"]

1. d4 Nf6 2. Nf3 g6 3. Bg5 Bg7 4. c3 O-O 5. e3 d6 6. Bd3 Bg4 7. Be2 Bxf3 8.
Bxf3 Nc6 9. Nd2 Qd7 10. O-O Qf5 11. Bxf6 Qxf6 12. Re1 Rab8 13. h3 e5 14.
dxe5 Nxe5 15. Qe2 b6 16. Rad1 Nxf3+ 17. Nxf3 Qe6 18. a3 a5 19. Rd2 Rbe8 20.
Red1 Kh8 21. Rd3 Qe4 22. b4 axb4 23. axb4 Ra8 24. Ng5 Qc4 25. Rc1 Bxc3 26.
Rcxc3 Ra1+ 27. Kh2 Qxb4 28. Qg4 Qxg4 29. hxg4 h6 30. Nf3 Rc8 31. g5 Kh7 32.
gxh6 Kxh6 33. Nd4 Kg5 34. Nb5 Ra4 35. Rd4 Rh8+ 36. Kg3 Rxd4 37. Nxd4 Rc8
38. f4+ Kf6 39. Nb5 Kf5 40. Nxd6+ cxd6 41. Rxc8 b5 42. Rb8 d5 43. Rxb5 Ke4
44. Rb4+ Kxe3 45. Kg4 d4 46. Rb2 d3 47. Rb1 d2 48. f5 gxf5+ 49. Kxf5 Ke2
50. g4 d1=Q 51. Rxd1 Kxd1 52. g5 Ke2 53. Kf6 Kf3 54. Kxf7 Ke4 55. g6 Ke5
56. g7 Kd6 57. g8=Q Ke5 58. Qg6 Kd5 59. Qf6 Ke4 60. Qg5 Kd4 61. Qf5 Ke3 62.
Qg4 Kd3 63. Qf4 Kc3 64. Qe4 Kd2 65. Qf3 Kc2 66. Qe3 Kb2 67. Qd3 Kc1 68. Qe2
Kb1 69. Qd2 Ka1 70. Ke6 Kb1 71. Kd5 Ka1 72. Kc4 Kb1 73. Kb3 Ka1 74. Qb2# {
Black checkmated } 1-0

[Event "ICC tourney 2354 (60 10)"]
[Site "Internet Chess Club"]
[Date "2021.01.31"]
[Round "5"]
[White "forcemajor"]
[Black "MeeraBLab"]
[Result "1/2-1/2"]
[ICCResult "Game drawn by mutual agreement"]
[WhiteElo "1423"]
[BlackElo "1177"]
[Opening "Sicilian: closed"]
[ECO "B23"]
[NIC "SI.44"]
[Time "13:00:42"]
[PlyCount "85"]
[TimeControl "3600+10"]

1. e4 c5 2. Nc3 e6 3. f4 a6 4. a4 Qc7 5. d3 d6 6. Nf3 Nf6 7. Be2 Be7 8. O-O
Nbd7 9. Be3 O-O 10. Qe1 d5 11. e5 Ne8 12. d4 cxd4 13. Bxd4 Bc5 14. Bf2
Bxf2+ 15. Qxf2 Qc5 16. Qxc5 Nxc5 17. b4 Nd7 18. Nd4 Nc7 19. Rf3 b6 20. Rg3
Bb7 21. Bd3 f6 22. exf6 Nxf6 23. Rf1 Nh5 24. Rgf3 Rae8 25. Nce2 Rf7 26. Rh3
Nf6 27. Ng3 e5 28. fxe5 Rxe5 29. Ngf5 Bc8 30. Nd6 Bxh3 31. Nxf7 Kxf7 32.
gxh3 Rh5 33. Kg2 Rg5+ 34. Kh1 Rh5 35. Nf3 Kg8 36. h4 b5 37. axb5 Nxb5 38.
Bxb5 axb5 39. Ra1 Ne4 40. Ra8+ Kf7 41. Ng5+ Nxg5 42. hxg5 Rxg5 43. c3 {
Game drawn by mutual agreement } 1/2-1/2

[Event "ICC tourney 2354 (60 10)"]
[Site "Internet Chess Club"]
[Date "2021.01.31"]
[Round "5"]
[White "NathanBolk"]
[Black "TweensGambit"]
[Result "1-0"]
[ICCResult "Black checkmated"]
[WhiteElo "1167"]
[BlackElo "1383"]
[Opening "Queen's bishop game"]
[ECO "D02"]
[NIC "QP.08"]
[Time "13:00:16"]
[PlyCount "191"]
[TimeControl "3600+10"]

1. d4 d5 2. Nf3 Nf6 3. Bf4 Bf5 4. e3 e6 5. c4 c6 6. Nc3 Be7 7. Qb3 Qb6 8.
c5 Qxb3 9. axb3 Ne4 10. b4 Nxc3 11. bxc3 O-O 12. h4 Nd7 13. Kd2 a6 14. Bd3
Bxd3 15. Kxd3 f6 16. h5 h6 17. Rh3 b6 18. Rg3 Kh7 19. Nh4 Rfc8 20. Ng6 Bd8
21. Bd6 Bc7 22. Ne7 Bxd6 23. cxd6 Rd8 24. Nxc6 Rdc8 25. Ne7 Rd8 26. f4 Nf8
27. f5 Rxd6 28. fxe6 Rxe6 29. Nf5 g6 30. hxg6+ Nxg6 31. Rh3 Ne7 32. Rxh6+
Kg8 33. Nxe7+ Rxe7 34. Rxf6 Rae8 35. Re1 Re6 36. Rxe6 Rxe6 37. e4 dxe4+ 38.
Rxe4 Rg6 39. g4 Kf7 40. Ke3 Kf6 41. Rf4+ Ke6 42. Ke4 b5 43. Rf5 Rxg4+ 44.
Rf4 Rg3 45. Rf3 Rg4+ 46. Kd3 Rg1 47. Re3+ Kd6 48. Kd2 Rg2+ 49. Re2 Rg3 50.
Kc2 Kd5 51. Kb3 Kd6 52. Ra2 Kd5 53. Rxa6 Ke4 54. Ra5 Rg5 55. Ra8 Kd3 56.
Rd8 Rg6 57. Rb8 Rg5 58. Rb6 Rd5 59. Rc6 Rd7 60. Rc5 Rb7 61. d5 Rb6 62. d6
Rxd6 63. Rxb5 Rc6 64. Rc5 Rb6 65. b5 Rb7 66. Kb4 Rb6 67. c4 Kd4 68. Rc6 Rb7
69. b6 Re7 70. Kb5 Re5+ 71. c5 Re2 72. b7 Rb2+ 73. Ka6 Kd5 74. Rc8 Ra2+ 75.
Kb6 Rb2+ 76. Kc7 Kxc5 77. b8=Q Rxb8 78. Kxb8+ Kd6 79. Kb7 Ke7 80. Rc6 Kf7
81. Rd6 Ke7 82. Kc7 Kf7 83. Kd7 Kg7 84. Re6 Kf7 85. Kd6 Kg7 86. Ke7 Kh7 87.
Rd6 Kg7 88. Rf6 Kh7 89. Ke6 Kg7 90. Kf5 Kh7 91. Kg5 Kg7 92. Kf5 Kh7 93. Rg6
Kh8 94. Kf6 Kh7 95. Kf7 Kh8 96. Rh6# { Black checkmated } 1-0

[Event "ICC tourney 2354 (60 10)"]
[Site "Internet Chess Club"]
[Date "2021.01.31"]
[Round "5"]
[White "SalmonEater"]
[Black "kevin2010"]
[Result "1-0"]
[ICCResult "Black resigns"]
[WhiteElo "1932"]
[BlackElo "1126"]
[Opening "QGD semi-Slav"]
[ECO "D43"]
[NIC "SL.03"]
[Time "13:00:46"]
[PlyCount "105"]
[TimeControl "3600+10"]

1. d4 d5 2. c4 c6 3. Nf3 Nf6 4. Nc3 e6 5. Bg5 Nbd7 6. cxd5 cxd5 7. e3 Bb4
8. Bd3 Qc7 9. O-O O-O 10. Rc1 Qb8 11. Bf4 Bd6 12. Be5 Bxe5 13. dxe5 Nxe5
14. Nb5 Nc6 15. Nbd4 e5 16. Nxc6 bxc6 17. Bb1 Bb7 18. Nd2 Qc7 19. Qc2 Rac8
20. e4 d4 21. f4 exf4 22. Nc4 g6 23. Qf2 Nd5 24. exd5 cxd5 25. Qxd4 dxc4
26. Rxf4 Rfd8 27. Qf2 Rd7 28. a3 Qd8 29. Be4 Bxe4 30. Rxe4 Rd1+ 31. Rxd1
Qxd1+ 32. Qe1 Qxe1+ 33. Rxe1 Kf8 34. Kf2 c3 35. Rc1 c2 36. Ke3 Ke7 37. Kd3
Kf6 38. Rxc2 Rxc2 39. Kxc2 Ke5 40. Kc3 Ke4 41. b4 Kd5 42. a4 Kc6 43. Kc4 f5
44. b5+ Kb6 45. Kb4 a5+ 46. Kc4 h5 47. Kd4 g5 48. Ke5 Kc5 49. Kxf5 Kb4 50.
b6 Kxa4 51. b7 Kb3 52. b8=Q+ Kc4 53. Qb1 { Black resigns } 1-0

[Event "ICC tourney 2354 (60 10)"]
[Site "Internet Chess Club"]
[Date "2021.01.31"]
[Round "5"]
[White "DanielA1926"]
[Black "MYMChessWyatt"]
[Result "1-0"]
[ICCResult "Black checkmated"]
[WhiteElo "1771"]
[BlackElo "1289"]
[Opening "King's Indian: Larsen variation"]
[ECO "E90"]
[NIC "KI.21"]
[Time "13:00:16"]
[PlyCount "103"]
[TimeControl "3600+10"]

1. d4 Nf6 2. Nf3 g6 3. c4 Bg7 4. Nc3 O-O 5. e4 d6 6. Be3 Ng4 7. Qd2 Nxe3 8.
fxe3 Bg4 9. O-O-O Nc6 10. Be2 e5 11. d5 Ne7 12. Rhf1 f5 13. Ng5 Rf6 14.
Bxg4 fxg4 15. Rxf6 Bxf6 16. Ne6 Qd7 17. Rf1 Bg7 18. Qf2 Qe8 19. Nxc7 Qf8
20. Nxa8 Qxf2 21. Rxf2 Bh6 22. Kd2 g5 23. Nc7 Ng6 24. g3 Bf8 25. Ne8 Be7
26. Nf6+ Kg7 27. Ne8+ Kg8 28. Nb5 a6 29. Nbxd6 h5 30. a3 Nf8 31. Nxb7 Nd7
32. c5 Bxc5 33. Nxc5 Nxc5 34. Nf6+ Kg7 35. d6 h4 36. d7 Nxd7 37. Nxd7 h3
38. Kc3 a5 39. Nxe5 Kh6 40. b4 axb4+ 41. axb4 Kh5 42. b5 Kh6 43. Nxg4+ Kh5
44. Nh6 Kg6 45. b6 Kh5 46. b7 g4 47. Rf5+ Kxh6 48. b8=Q Kg6 49. Qg8+ Kh6
50. Qe6+ Kh7 51. Rf7+ Kh8 52. Qe8# { Black checkmated } 1-0

[Event "ICC tourney 2354 (60 10)"]
[Site "Internet Chess Club"]
[Date "2021.01.31"]
[Round "5"]
[White "JoRDy2025"]
[Black "Noahchess328"]
[Result "0-1"]
[ICCResult "White checkmated"]
[WhiteElo "1420"]
[BlackElo "1577"]
[Opening "French: Tarrasch, closed variation"]
[ECO "C05"]
[NIC "FR.16"]
[Time "13:00:36"]
[PlyCount "132"]
[TimeControl "3600+10"]

1. e4 e6 2. d4 d5 3. Nd2 Nf6 4. e5 Nfd7 5. Ngf3 c5 6. c3 Be7 7. Be2 Nc6 8.
Nf1 O-O 9. Ng3 Re8 10. O-O Nf8 11. Be3 cxd4 12. cxd4 Ng6 13. Qb3 Na5 14.
Qc2 Bd7 15. Rac1 Rc8 16. Qd2 Nc4 17. Bxc4 dxc4 18. Qc2 Bb5 19. Rfd1 Qd7 20.
Qc3 b6 21. Ne2 a5 22. a3 Ba4 23. Re1 b5 24. Qd2 b4 25. axb4 axb4 26. Ra1
Bb5 27. Rec1 Ra8 28. Qc2 Qb7 29. Nd2 c3 30. bxc3 Bxe2 31. cxb4 Qxb4 32.
Rcb1 Rxa1 33. Rxa1 Bg4 34. h3 Bf5 35. Qc6 Rf8 36. Rc1 Qa3 37. Nc4 Qa8 38.
Nd6 Qxc6 39. Rxc6 Bb1 40. f4 Nh4 41. Bf2 Nf5 42. Nxf5 Bxf5 43. g4 Be4 44.
Rc7 Bb4 45. Kf1 h6 46. Ke2 Ra8 47. Ke3 Bd5 48. Rd7 Ra3+ 49. Ke2 Bf3+ 50.
Kf1 Ra1+ 51. Be1 Rxe1+ 52. Kf2 Bc6 53. Rd8+ Kh7 54. Rb8 Rb1 55. Ke2 Rb2+
56. Kd3 Ba3 57. Rc8 Bd5 58. Rd8 Rb3+ 59. Ke2 Bc4+ 60. Kd2 Rxh3 61. f5 Bb4+
62. Kd1 exf5 63. gxf5 Bd3 64. Kc1 Bc3 65. Rh8+ Kxh8 66. f6 Rh1# { White
checkmated } 0-1

[Event "ICC tourney 2354 (60 10)"]
[Site "Internet Chess Club"]
[Date "2021.01.31"]
[Round "5"]
[White "pinkjam82"]
[Black "ToughTurtle"]
[Result "1-0"]
[ICCResult "Black checkmated"]
[WhiteElo "1588"]
[BlackElo "1467"]
[Opening "QGD Slav accepted: Alapin variation"]
[ECO "D16"]
[NIC "SL.03"]
[Time "13:00:27"]
[PlyCount "77"]
[TimeControl "3600+10"]

1. d4 d5 2. c4 c6 3. Nf3 Nf6 4. Nc3 dxc4 5. a4 Bd7 6. a5 Nd5 7. e4 Nxc3 8.
bxc3 e6 9. Bxc4 Be7 10. O-O O-O 11. Ne5 Bd6 12. Nxd7 Nxd7 13. e5 Be7 14.
Qg4 Kh8 15. Re1 Rg8 16. Re3 Nf8 17. Rh3 c5 18. Bd3 g6 19. Bh6 Rc8 20. Bxf8
Qxf8 21. Re1 cxd4 22. Qxd4 Bc5 23. Qh4 Qg7 24. Re4 Rgd8 25. Qg5 Rd7 26.
Reh4 Be7 27. Rxh7+ Qxh7 28. Rxh7+ Kxh7 29. Qd2 Rcd8 30. Qf4 Rxd3 31. Qxf7+
Kh6 32. g3 Bc5 33. Qf4+ Kg7 34. Qf6+ Kh6 35. Qf4+ g5 36. Qf6+ Kh5 37. Qf7+
Kg4 38. h3+ Kxh3 39. Qh5# { Black checkmated } 1-0

[Event "ICC tourney 2354 (60 10)"]
[Site "Internet Chess Club"]
[Date "2021.01.31"]
[Round "5"]
[White "ickyquarter"]
[Black "predatorx"]
[Result "1-0"]
[ICCResult "Black checkmated"]
[WhiteElo "2077"]
[BlackElo "1815"]
[Opening "French: Schlechter variation"]
[ECO "C01"]
[NIC "FR.01"]
[Time "13:00:27"]
[PlyCount "97"]
[TimeControl "3600+10"]

1. e4 e6 2. d4 d5 3. Bd3 Nf6 4. e5 Nfd7 5. c3 c5 6. Ne2 Nc6 7. a3 Qb6 8. b4
cxd4 9. cxd4 f6 10. exf6 Nxf6 11. Nbc3 a6 12. O-O Be7 13. h3 O-O 14. Be3
Bd7 15. Re1 Rac8 16. Rc1 Qd8 17. Nf4 Bd6 18. Bb1 Nxd4 19. Nfxd5 exd5 20.
Bxd4 Ng4 21. Qd3 Bf5 22. Qxf5 Rxf5 23. Bxf5 Rc4 24. Bxg4 Rxd4 25. Be6+ Kf8
26. Nxd5 Rxd5 27. Bxd5 Bxb4 28. Red1 Bd6 29. Bxb7 Qb6 30. Rc6 Qxb7 31.
Rcxd6 Ke7 32. Rd7+ Qxd7 33. Rxd7+ Kxd7 34. f4 Kc6 35. Kf2 Kd5 36. Ke3 Kc4
37. Ke4 a5 38. g4 Kb3 39. Kd3 Kxa3 40. Kc3 Ka2 41. f5 a4 42. g5 a3 43. Kc2
Ka1 44. f6 gxf6 45. gxf6 h5 46. f7 h4 47. f8=Q Ka2 48. Qe7 Ka1 49. Qxa3# {
Black checkmated } 1-0

[Event "ICC tourney 2354 (60 10)"]
[Site "Internet Chess Club"]
[Date "2021.01.31"]
[Round "5"]
[White "Heliosis"]
[Black "andrew166"]
[Result "1-0"]
[ICCResult "Black resigns"]
[WhiteElo "1913"]
[BlackElo "1525"]
[Opening "Sicilian: Canal-Sokolsky attack, Sokolsky variation"]
[ECO "B52"]
[NIC "SI.01"]
[Time "13:00:43"]
[PlyCount "111"]
[TimeControl "3600+10"]

1. e4 c5 2. Nf3 d6 3. Bb5+ Bd7 4. Bxd7+ Qxd7 5. c4 Nc6 6. d4 Nf6 7. Nc3
cxd4 8. Nxd4 e6 9. f3 Be7 10. Be3 O-O 11. O-O Rad8 12. Qe2 Rfe8 13. Rad1
Qc7 14. Rd2 d5 15. cxd5 exd5 16. Ndb5 Qa5 17. Rfd1 dxe4 18. fxe4 Rxd2 19.
Rxd2 a6 20. Nd4 Nxd4 21. Bxd4 Bc5 22. Bxc5 Qxc5+ 23. Qf2 Qxf2+ 24. Kxf2 Kf8
25. Kf3 Ke7 26. g4 h6 27. h3 b5 28. a3 Ke6 29. Ke3 Ke5 30. Rd4 Rc8 31. a4
Rc4 32. Rxc4 bxc4 33. a5 Nd7 34. Na4 g6 35. Nb6 Nxb6 36. axb6 Kd6 37. Kd4
Kc6 38. Kxc4 Kxb6 39. Kd5 Kc7 40. Ke5 Kd7 41. Kf6 Ke8 42. b4 Kf8 43. h4 Kg8
44. e5 Kf8 45. e6 g5 46. hxg5 hxg5 47. Kxg5 fxe6 48. Kf6 e5 49. Kxe5 Ke7
50. Kd5 Kd7 51. Kc5 Kc7 52. g5 Kd7 53. Kb6 Ke6 54. Kxa6 Kf5 55. b5 Kxg5 56.
b6 { Black resigns } 1-0

[Event "ICC tourney 2354 (60 10)"]
[Site "Internet Chess Club"]
[Date "2021.01.31"]
[Round "5"]
[White "GlibNest"]
[Black "chessamongus"]
[Result "1/2-1/2"]
[ICCResult "Game drawn by repetition"]
[WhiteElo "1498"]
[BlackElo "1705"]
[Opening "Sicilian: wing gambit, Marshall variation"]
[ECO "B20"]
[NIC "SI.48"]
[Time "13:00:30"]
[PlyCount "97"]
[TimeControl "3600+10"]

1. e4 c5 2. b4 cxb4 3. a3 d5 4. exd5 Qxd5 5. d4 Nc6 6. Nf3 Bg4 7. Be2 g6 8.
O-O Bg7 9. Be3 Nf6 10. axb4 Nxb4 11. Nc3 Qd6 12. Rb1 Nfd5 13. Nxd5 Nxd5 14.
Bb5+ Bd7 15. Qd3 O-O 16. Bxd7 Qxd7 17. Qb5 Qxb5 18. Rxb5 Nxe3 19. fxe3 b6
20. c4 Rac8 21. Rc1 Rc7 22. Nd2 Re8 23. c5 Rec8 24. Nb3 bxc5 25. Rcxc5 Rxc5
26. Nxc5 e6 27. Ra5 Rc7 28. Kf2 Bf8 29. Ke2 Kg7 30. Kd3 Kf6 31. Kc4 Bxc5
32. dxc5 Ke5 33. Ra3 f5 34. g3 Kf6 35. Rd3 Ke7 36. Rd6 Rd7 37. Ra6 Rc7 38.
Rd6 Kf6 39. c6 Ke7 40. Kc5 e5 41. Rd5 Ke6 42. Rd6+ Ke7 43. Rd5 e4 44. Rd4
Ke6 45. Rd6+ Ke7 46. Rd4 Ke6 47. Rd6+ Kf7 48. Rd8 Ke7 49. Rd4 { Game drawn
by repetition } 1/2-1/2

[Event "ICC tourney 2354 (60 10)"]
[Site "Internet Chess Club"]
[Date "2021.01.31"]
[Round "5"]
[White "Smartypants915"]
[Black "ILoveChess11"]
[Result "1/2-1/2"]
[ICCResult "Game drawn by mutual agreement"]
[WhiteElo "1505"]
[BlackElo "1670"]
[Opening "Queen's pawn: stonewall attack"]
[ECO "D00"]
[NIC "QP.08"]
[Time "13:00:32"]
[PlyCount "108"]
[TimeControl "3600+10"]

1. d4 d5 2. e3 Nf6 3. Bd3 e6 4. f4 Be7 5. Nf3 c5 6. c3 O-O 7. O-O b6 8.
Nbd2 Ba6 9. Bxa6 Nxa6 10. Ne5 Nb8 11. g4 Nfd7 12. Rf2 f6 13. Nef3 Nc6 14.
Rg2 Kh8 15. g5 e5 16. gxf6 gxf6 17. Nf1 e4 18. Ne1 f5 19. Ng3 Qe8 20. b3
cxd4 21. cxd4 Qf7 22. Qe2 Rac8 23. Nc2 Rg8 24. Bb2 a5 25. Kh1 Bd6 26. Qf2
a4 27. Rag1 axb3 28. axb3 Na5 29. Na1 Be7 30. Qf1 Bd6 31. Rf2 Be7 32. Qh3
Rcf8 33. Rfg2 Rg6 34. Ne2 Rxg2 35. Qxg2 Bd6 36. Nc3 Be7 37. Nxd5 Bd8 38.
Nc3 Nf6 39. Qh3 Ng4 40. Qg3 Rg8 41. Nd1 Bf6 42. Nf2 Nxf2+ 43. Qxf2 Nxb3 44.
Rxg8+ Kxg8 45. Qc2 Nxa1 46. Bxa1 Qh5 47. Qc8+ Kg7 48. Qc2 Kh6 49. Qd2 Qf3+
50. Kg1 Qg4+ 51. Qg2 Qd1+ 52. Qf1 Qg4+ 53. Qg2 Qd1+ 54. Qf1 Qg4+ { Game
drawn by mutual agreement } 1/2-1/2

[Event "ICC tourney 2354 (60 10)"]
[Site "Internet Chess Club"]
[Date "2021.01.31"]
[Round "5"]
[White "SamPozen"]
[Black "che8642"]
[Result "0-1"]
[ICCResult "White checkmated"]
[WhiteElo "1293"]
[BlackElo "1563"]
[Opening "Sicilian: Kan, 5.Nc3"]
[ECO "B43"]
[NIC "SI.41"]
[Time "13:00:41"]
[PlyCount "136"]
[TimeControl "3600+10"]

1. e4 c5 2. Nf3 e6 3. d4 cxd4 4. Nxd4 a6 5. Nc3 b5 6. a3 Bb7 7. Bd3 d6 8.
O-O Nf6 9. Bg5 Be7 10. Nf3 Nbd7 11. Be3 O-O 12. Re1 Qc7 13. a4 b4 14. Na2
Bxe4 15. Nxb4 d5 16. Nxa6 Qb7 17. Bf1 Qxb2 18. Nc7 Rac8 19. Nb5 Bxc2 20.
Qc1 Qxc1 21. Rexc1 Bb3 22. Rxc8 Rxc8 23. a5 Ne8 24. a6 Ra8 25. a7 Bc5 26.
Bxc5 Nxc5 27. Nbd4 Ba4 28. Nb5 f6 29. Nfd4 e5 30. Nc6 Kf7 31. Nb4 Ke6 32.
Nd3 Nxd3 33. Rxa4 Nc5 34. Ra5 Kd7 35. Nc3 Kc6 36. Bb5+ Kb6 37. Ra3 Nc7 38.
Be2 Rxa7 39. Rxa7 Kxa7 40. Kf1 Kb6 41. Ke1 d4 42. Nb1 Nb5 43. Kd2 Ne4+ 44.
Ke1 Kc5 45. Nd2 Nec3 46. Bf3 f5 47. g4 e4 48. Bg2 g6 49. gxf5 gxf5 50. f3
e3 51. Nb3+ Kb4 52. Nc1 Ka3 53. Bf1 Kb2 54. Nd3+ Kb1 55. h4 Na3 56. Nb4
Nc2+ 57. Nxc2 Kxc2 58. h5 d3 59. Bxd3+ Kxd3 60. h6 f4 61. Kf1 e2+ 62. Ke1
Nd5 63. Kf2 Kd2 64. Kg2 e1=Q 65. Kh2 Qg3+ 66. Kh1 Qxf3+ 67. Kh2 Ne3 68. Kg1
Qg2# { White checkmated } 0-1

[Event "ICC tourney 2354 (60 10)"]
[Site "Internet Chess Club"]
[Date "2021.01.31"]
[Round "5"]
[White "Fundog4"]
[Black "SAHY-Gabe"]
[Result "1-0"]
[ICCResult "Black checkmated"]
[WhiteElo "1150"]
[BlackElo "1423"]
[Opening "Center game"]
[ECO "C22"]
[NIC "KP.04"]
[Time "13:00:39"]
[PlyCount "137"]
[TimeControl "3600+10"]

1. e4 e5 2. d4 exd4 3. Qxd4 d6 4. Nc3 Nf6 5. Be3 Be7 6. Nf3 O-O 7. Qd2 c6
8. O-O-O b5 9. a3 a5 10. h4 b4 11. Nb1 bxa3 12. Nxa3 Be6 13. Bd3 Nbd7 14.
h5 d5 15. exd5 cxd5 16. Ng5 Qb8 17. h6 g6 18. Nxe6 fxe6 19. f3 Qb7 20. g4
Rab8 21. Qc3 Bxa3 22. Qxa3 Rfc8 23. Bd4 Qb4 24. Qxb4 Rxb4 25. Bc3 Ra4 26.
Bb5 Ra1+ 27. Kd2 Rxd1+ 28. Rxd1 Rc7 29. Bxa5 Rc5 30. Bxd7 Nxd7 31. Bc3 Nb6
32. Bd4 Rb5 33. Bxb6 Rxb6 34. Kc3 Kf7 35. g5 Ra6 36. Rd4 Ra1 37. Rf4+ Ke7
38. Kd3 Rg1 39. Rg4 Rf1 40. Ke2 Rb1 41. b3 Kd6 42. Rf4 Ke7 43. Rb4 Rg1 44.
Rb7+ Kf8 45. Rxh7 Rxg5 46. b4 Ke8 47. b5 Kd8 48. b6 Kc8 49. Rc7+ Kb8 50. h7
Rh5 51. Kd3 e5 52. Rg7 Rh6 53. Rg8+ Kb7 54. h8=Q Rxh8 55. Rxh8 Kxb6 56. Rg8
Kc5 57. Rxg6 d4 58. c3 dxc3 59. Kxc3 Kd5 60. Kd3 e4+ 61. fxe4+ Ke5 62. Rc6
Kf4 63. Kd4 Kf3 64. e5 Kf4 65. e6 Kf3 66. e7 Ke2 67. e8=Q+ Kd2 68. Qe3+ Kd1
69. Rc1# { Black checkmated } 1-0

[Event "ICC tourney 2354 (60 10)"]
[Site "Internet Chess Club"]
[Date "2021.01.31"]
[Round "5"]
[White "CommissionerG"]
[Black "JudeNYC"]
[Result "1/2-1/2"]
[ICCResult "Game drawn by repetition"]
[WhiteElo "1397"]
[BlackElo "1622"]
[Opening "QGD: Albin counter-gambit"]
[ECO "D08"]
[NIC "QG.02"]
[Time "13:00:38"]
[PlyCount "84"]
[TimeControl "3600+10"]

1. d4 d5 2. c4 e5 3. cxd5 Qxd5 4. Nc3 Qd8 5. d5 Nf6 6. e4 c6 7. Bg5 Bb4 8.
Nf3 Bxc3+ 9. bxc3 Qa5 10. Bxf6 Qxc3+ 11. Nd2 gxf6 12. Be2 Bd7 13. O-O Rg8
14. dxc6 Nxc6 15. Rc1 Qh3 16. Bf3 Bg4 17. Bxg4 Qxg4 18. Qxg4 Rxg4 19. Nc4
Ke7 20. Rb1 Rb8 21. f3 Rgg8 22. Rfd1 Nd4 23. Kf2 Rgc8 24. Ne3 Ke6 25. Rdc1
b6 26. Nd5 f5 27. Nc7+ Kd7 28. Nd5 fxe4 29. Nf6+ Ke7 30. Nxe4 Ne6 31. Ng3
Nf4 32. Kf1 Nd3 33. Rd1 Rd8 34. Ke2 Nf4+ 35. Kf1 Rxd1+ 36. Rxd1 Rd8 37.
Nf5+ Ke8 38. Ng7+ Ke7 39. Nf5+ Ke8 40. Ng7+ Ke7 41. Nf5+ Ke8 42. Ng7+ Ke7 {
Game drawn by repetition } 1/2-1/2

[Event "ICC tourney 2354 (60 10)"]
[Site "Internet Chess Club"]
[Date "2021.01.31"]
[Round "5"]
[White "rkanury1"]
[Black "mnm1"]
[Result "1-0"]
[ICCResult "Black checkmated"]
[WhiteElo "1672"]
[BlackElo "1508"]
[Opening "Sicilian: Alapin's variation (2.c3)"]
[ECO "B22"]
[NIC "SI.46"]
[Time "13:00:45"]
[PlyCount "127"]
[TimeControl "3600+10"]

1. e4 c5 2. c3 d5 3. exd5 Qxd5 4. d4 Nc6 5. Nf3 Nf6 6. Be2 e6 7. O-O cxd4
8. cxd4 Be7 9. Nc3 Qd8 10. h3 O-O 11. Be3 Bd6 12. Rc1 b6 13. Nb5 Bb7 14.
Nxd6 Qxd6 15. a3 Ne7 16. Bd2 Ned5 17. Ne5 Rfd8 18. Bf3 h6 19. b4 Rab8 20.
Qb3 a5 21. b5 Ne7 22. Bxb7 Rxb7 23. Be3 Rc7 24. Rxc7 Qxc7 25. Rc1 Qd6 26.
Nc6 Nfd5 27. Nxd8 Qxd8 28. Qc4 Kh7 29. Qd3+ Kg8 30. Qd2 Nf5 31. a4 Qf6 32.
Rc8+ Kh7 33. Qd3 g6 34. Rc6 Qh4 35. Bd2 Nxd4 36. Rc4 e5 37. Be3 Nb4 38. Qf1
Qf6 39. Qd1 Kg7 40. Bxd4 exd4 41. Qxd4 Qxd4 42. Rxd4 Na2 43. Rc4 Nb4 44.
Kf1 Kf8 45. Ke2 Ke7 46. Ke3 Kd6 47. Kd4 f6 48. Rc8 Ke7 49. Rb8 f5 50. Rxb6
Kf7 51. Rb7+ Ke6 52. Ra7 g5 53. Rxa5 Nd5 54. Ra6+ Kd7 55. Kxd5 Kc7 56. Rxh6
Kb7 57. Kc5 f4 58. a5 Ka7 59. Rh7+ Kb8 60. Kc6 g4 61. hxg4 f3 62. gxf3 Ka8
63. Kb6 Kb8 64. Rh8# { Black checkmated } 1-0

[Event "ICC tourney 2354 (60 10)"]
[Site "Internet Chess Club"]
[Date "2021.01.31"]
[Round "6"]
[White "adkot"]
[Black "brarsaab1"]
[Result "1-0"]
[ICCResult "Black checkmated"]
[WhiteElo "1523"]
[BlackElo "1250"]
[Opening "Sicilian defense"]
[ECO "B30"]
[NIC "SI.31"]
[Time "16:00:08"]
[PlyCount "37"]
[TimeControl "3600+10"]

1. e4 c5 2. Nf3 Nc6 3. c3 e6 4. d4 Nf6 5. e5 Nd5 6. c4 Nb6 7. d5 exd5 8.
cxd5 Nb4 9. Nc3 Be7 10. d6 Bh4 11. a3 Nc6 12. g3 Bxg3 13. hxg3 O-O 14. Qc2
h6 15. Bxh6 Re8 16. Bxg7 Rxe5+ 17. Bxe5 Nxe5 18. Qh7+ Kf8 19. Qh8# { Black
checkmated } 1-0

[Event "ICC tourney 2354 (60 10)"]
[Site "Internet Chess Club"]
[Date "2021.01.31"]
[Round "6"]
[White "alexandersoll"]
[Black "Elisey2011"]
[Result "0-1"]
[ICCResult "White checkmated"]
[WhiteElo "798"]
[BlackElo "581"]
[Opening "QGD semi-Slav: Meran variation"]
[ECO "D47"]
[NIC "SL.09"]
[Time "16:00:17"]
[PlyCount "58"]
[TimeControl "3600+10"]

1. d4 d5 2. c4 e6 3. e3 Nf6 4. Nc3 c6 5. Nf3 Nbd7 6. Bd3 dxc4 7. Bxc4 b5 8.
Bd3 Bd6 9. O-O O-O 10. Qc2 g6 11. b3 a6 12. Bb2 Bb7 13. Ne4 Nxe4 14. Bxe4
f5 15. Bxc6 Bxc6 16. Qxc6 Qe7 17. Ng5 Rac8 18. Qxa6 Ra8 19. Qc6 Rfc8 20.
Qxb5 Rab8 21. Qa6 Rb6 22. Qa7 Rd8 23. Nf3 Bb8 24. Qa5 Bc7 25. Qc3 Nf6 26.
Ne5 Ne4 27. Qc2 Rc8 28. Nc6 Qd6 29. Na7 Qxh2# { White checkmated } 0-1

[Event "ICC tourney 2354 (60 10)"]
[Site "Internet Chess Club"]
[Date "2021.01.31"]
[Round "6"]
[White "Platafina123"]
[Black "forcemajor"]
[Result "1-0"]
[ICCResult "Black resigns"]
[WhiteElo "1172"]
[BlackElo "1423"]
[Opening "French: Tarrasch, open variation"]
[ECO "C07"]
[NIC "FR.18"]
[Time "16:00:17"]
[PlyCount "47"]
[TimeControl "3600+10"]

1. e4 e6 2. d4 d5 3. Nd2 c5 4. c3 Nc6 5. Ngf3 Qb6 6. exd5 exd5 7. Qe2+ Be7
8. Nb3 cxd4 9. Nbxd4 Bg4 10. Be3 Nxd4 11. Bxd4 Bxf3 12. gxf3 Qg6 13. Qe5
Nf6 14. Bc5 O-O 15. Bxe7 Rfe8 16. O-O-O Qh6+ 17. f4 Ne4 18. Bg5 Nxg5 19.
Qxg5 Qxg5 20. fxg5 Re5 21. f4 Re4 22. Rxd5 Rxf4 23. Bd3 g6 24. Rd7 { Black
resigns } 1-0

[Event "ICC tourney 2354 (60 10)"]
[Site "Internet Chess Club"]
[Date "2021.01.31"]
[Round "6"]
[White "LionsHansenW"]
[Black "Nedas15"]
[Result "0-1"]
[ICCResult "White checkmated"]
[WhiteElo "860"]
[BlackElo "376"]
[Opening "Four knights: Spanish variation"]
[ECO "C48"]
[NIC "KP.03"]
[Time "16:00:23"]
[PlyCount "60"]
[TimeControl "3600+10"]

1. e4 e5 2. Nf3 Nc6 3. Nc3 Nf6 4. Bb5 d6 5. d3 Be7 6. O-O O-O 7. Bc4 Nd4 8.
Nxd4 exd4 9. Nd5 Nxd5 10. Bxd5 c6 11. Bc4 d5 12. exd5 cxd5 13. Bb3 b6 14.
Qf3 Bb7 15. Qg3 Bd6 16. Qg4 Bc8 17. Qf3 Bb7 18. Qg4 Bc8 19. Qf3 Bb7 20. Qg4
f5 21. Qe2 Kh8 22. c3 dxc3 23. bxc3 Re8 24. Qf3 Bc7 25. Qxf5 Re5 26. Qg4
Bc8 27. Qd4 Bb7 28. c4 Rh5 29. h3 Qd6 30. Bb2 Qh2# { White checkmated } 0-1

[Event "ICC tourney 2354 (60 10)"]
[Site "Internet Chess Club"]
[Date "2021.01.31"]
[Round "6"]
[White "Evan2win"]
[Black "ArisL"]
[Result "0-1"]
[ICCResult "White checkmated"]
[WhiteElo "893"]
[BlackElo "787"]
[Opening "Scandinavian defense"]
[ECO "B01"]
[NIC "SD.03"]
[Time "16:00:21"]
[PlyCount "52"]
[TimeControl "3600+10"]

1. e4 d5 2. exd5 Nf6 3. Bb5+ Bd7 4. Bxd7+ Qxd7 5. Nf3 Nxd5 6. O-O Nc6 7. c4
Nf6 8. Nc3 O-O-O 9. Re1 e6 10. a3 Bc5 11. b4 Bd6 12. c5 Bf4 13. b5 Nd4 14.
Nxd4 Qxd4 15. c6 b6 16. Re2 h5 17. Ra2 g5 18. g3 Bd6 19. a4 a5 20. Bb2 Qc5
21. Ba3 Qd4 22. Qc2 h4 23. Bxd6 Rxd6 24. Kf1 hxg3 25. hxg3 Qg4 26. Ke1 Rh1#
{ White checkmated } 0-1